 Dungeon Crawl Stone Soup version 0.30-a0-6-g7c9e10e132 (webtiles) character file.

Game seed: 5576492281664048473

84 xian the Gusty (level 4, -2/24 HPs)
             Began as a Tengu Air Elementalist on Aug 23, 2022.
             Killed by their own static electricity (3 damage)
             ... on level 2 of the Dungeon.
             The game lasted 00:04:15 (1649 turns).

xian the Gusty (Tengu Air Elementalist)             Turns: 1649, Time: 00:04:17

Health: -2/24      AC:  2    Str:  8    XL:     4   Next: 45%
Magic:  2/8        EV: 16    Int: 18    God:
Gold:   80         SH:  0    Dex: 14    Spells: 2/8 levels left

rFire   . . .      SeeInvis .    i - +0 dagger
rCold   . . .      Faith    .    (no shield)
rNeg    . . .      Spirit   .    a - +0 robe
rPois   .          Reflect  .    (helmet restricted)
rElec   .          Harm     .    (no cloak)
rCorr   .          Rampage  .    (no gloves)
Will    .....                    (boots unavailable)
Stlth   ++........               (no amulet)
HPRegen 0.08/turn                l - +4 ring of evasion
MPRegen 0.11/turn                (no ring)

@: no status effects
A: beak, talons 3
a: no special abilities


You were on level 2 of the Dungeon.
You visited 1 branch of the dungeon, and saw 2 of its levels.

You collected 80 gold pieces.

Inventory:

Hand Weapons
 i - a +0 dagger (weapon)
Armour
 a - a +0 robe (worn)
Jewellery
 l - a +4 ring of evasion (left hand)
Scrolls
 d - 2 scrolls of identify {unknown}
 f - 2 scrolls of teleportation
 h - a scroll of vulnerability {unknown}
 j - a scroll of amnesia {unknown}
 k - a scroll of brand weapon {unknown}
 m - a scroll of enchant armour {unknown}
 q - a scroll of noise {unknown}
Potions
 b - 2 potions of magic
 c - 2 potions of attraction {unknown}
 e - 2 potions of cancellation {unknown}
 g - 2 potions of curing {unknown}
 n - a potion of mutation {unknown}
 o - a potion of lignification {unknown}
 p - 2 potions of heal wounds {unknown}


   Skills:
 + Level 0.9 Fighting
 + Level 2.5 Dodging
 + Level 2.4 Stealth
 + Level 2.6 Spellcasting
 + Level 2.2 Conjurations
 + Level 5.2 Air Magic


You had 2 spell levels left.
You knew the following spells:

 Your Spells              Type           Power      Damage    Failure   Level
a - Shock                 Conj/Air       60%        1d6       3%          1
b - Static Discharge      Conj/Air       15%        3-5/arc   5%          2
c - Swiftness             Air            21%        N/A       6%          3

Your spell library contained the following spells:

 Spells                   Type           Power      Damage    Failure   Level
 Poisonous Vapours        Pois/Air       22%        N/A       9%          2
 Sting                    Tmut/Pois      8%         1d3       17%         1
 Airstrike                Air            10%        2d(2-18)  21%         4
 Olgreb's Toxic Radiance  Pois           2%         N/A       86%         4


Dungeon Overview and Level Annotations

Branches:
Dungeon (2/15)

Altars:
Gozag

Annotations:
D:2 Sigmund


Innate Abilities, Weirdness & Mutations

You have a beak for a mouth.
You have claws for feet.


Message History

A puff of flame appears from out of thin air!
The puff of flame hits you.
You can't see any susceptible monsters within range! (Use Z to cast anyway.)
You see here a ball python corpse.
You hear a zap.
A puff of flame appears from out of thin air!
The puff of flame hits you!
Ouch! That really hurt!
* * * LOW HITPOINT WARNING * * *
Casting: Shock (safe; 3% risk of failure)
Confirm with . or Enter, or press ? or * to list all spells.
You can't see any susceptible monsters within range! (Use Z to cast anyway.)
Casting: Shock (safe; 3% risk of failure)
Confirm with . or Enter, or press ? or * to list all spells.
Aiming: Shock (safe; 3% risk of failure)
Press: ? - help, Shift-Dir - straight line Something hits you.
* * * LOW HITPOINT WARNING * * *
Casting: Shock (safe; 3% risk of failure)
Confirm with . or Enter, or press ? or * to list all spells.
You can't see any susceptible monsters within range! (Use Z to cast anyway.)
Casting: Shock (safe; 3% risk of failure)
Confirm with . or Enter, or press ? or * to list all spells.
Okay, then.
Casting: Shock (safe; 3% risk of failure)
Confirm with . or Enter, or press ? or * to list all spells.
You can't see any susceptible monsters within range! (Use Z to cast anyway.) Unknown command.
Unknown command.
Casting: Shock (safe; 3% risk of failure)
Confirm with . or Enter, or press ? or * to list all spells.
You can't see any susceptible monsters within range! (Use Z to cast anyway.)
Casting: Shock (safe; 3% risk of failure)
Confirm with . or Enter, or press ? or * to list all spells.
Something is struck by an arc of lightning.
You are struck by an arc of lightning.
* * * LOW HITPOINT WARNING * * *
Something is struck by an arc of lightning.
You are struck by an arc of lightning.
You die...

#.......)......#..#.
#..(........#.###...
#..........##.####..
#...................
#..........#.....###
##........####...###
##........##.....##
#†................
#@########........
#{# ##.##.... #.#
#.......# ...
#..###... ...
#...###... .....
........... #####
...########
..##########
##.....#..


There were no monsters in sight!

Vanquished Creatures
  4 adders (D:2)
  3 ball pythons
  6 bats
  2 endoplasms
  3 giant cockroaches
  10 goblins
  7 hobgoblins
  A kobold (D:2)
  A quokka (D:2)
  A frilled lizard (D:1)
  3 rats
41 creatures vanquished.

Notes
Turn   | Place    | Note
-------+----------+-------------------------------------------
     0 | D:1      | xian the Tengu Air Elementalist began the quest for the
                  | Orb.
     0 | D:1      | Reached XP level 1. HP: 10/10 MP: 4/4
   247 | D:1      | Reached XP level 2. HP: 15/15 MP: 0/6
   722 | D:1      | Learned a level 2 spell: Static Discharge
   773 | D:2      | Reached XP level 3. HP: 15/19 MP: 1/7
   994 | D:2      | Reached skill level 5 in Air Magic
  1235 | D:2      | Reached XP level 4. HP: 24/24 MP: 4/8
  1244 | D:2      | Learned a level 3 spell: Swiftness
  1592 | D:2      | Found an opulent altar of Gozag.
  1639 | D:2      | Noticed Sigmund
  1649 | D:2      | HP: 1/24 [/static electricity (3)]
  1649 | D:2      | Killed from afar by themself

Illustrated notes

Levels and vault maps discovered:
D:1:      dpeg_arrival_houses_and_road, layout_rooms
D:2:      layout_rooms, basic_altar, minmay_goblin_outpost, uniq_sigmund

Skill      XL: |  1  2  3 |
---------------+----------+-----
Air Magic      | 5 |  5.2
Conjurations   | 2 |  2.2
Fighting       | |  0.9
Dodging        | |  2.5
Stealth        | |  2.4
Spellcasting   | |  2.6

Action                   |  1- 3 |  4- 6 || total
-------------------------+-------+-------++-------
Melee: Dagger            |    18 |     1 ||    19
       Kick              |     4 |     1 ||     5
       Peck              |     2 |       ||     2
       Unarmed           |     1 |       ||     1
 Cast: Shock             |    58 |    22 ||    80
  Use: Scroll            |       |     1 ||     1
Armor: Robe              |     2 |       ||     2
Dodge: Dodged            |    24 |     1 ||    25

Table legend: (Time is in decaauts)
 A = Elapsed time spent in this place.
 B = Non-inter-level travel time spent in this place.
 C = Inter-level travel time spent in this place.
 D = Time resting spent in this place.
 E = Time spent auto-exploring this place.
 F = Levels seen in this place.
 G = Mean time per level.
                   A        B        C        D        E       F      G
               +--------+--------+--------+--------+--------+-----+--------+
         Total |   1647 |   1628 |     19 |      0 |   1405 |   2 |  823.5 |
       Dungeon |   1647 |   1628 |     19 |      0 |   1405 |   2 |  823.5 |
               +--------+--------+--------+--------+--------+-----+--------+

Top non-repeatable levels by time:
     D:2: 906 daAuts
     D:1: 741 daAuts
